[Event "Titled Tuesday Blitz November 14 Early 2023"]
[White "Tatarinov, Dmitry"]
[Black "Bortnyk, Olexandr"]
[WhiteFideId "24160067"]
[BlackFideId "14120828"]
[WhiteElo "2811"]
[BlackElo "3005"]
[Result "0-1"]
[Round "6"]
[TimeControl "180+1"]
[Date "2023.11.14"]
[WhiteClock "0:00:08"]
[BlackClock "0:00:24"]
[Board "18"]

1. c4 Nf6 2. Nc3 g6 3. g3 Bg7 4. Bg2 O-O 5. Nf3 d6 6. O-O Bf5 7. d3 Qc8 8. Re1 c5 9. Rb1 Nc6 10. a3 Rd8 11. b4 Bh3 12. Bh1 cxb4 13. axb4 a5 14. bxa5 Rxa5 15. Bd2 Rh5 16. Rb5 e5 17. Nd5 Nxd5 18. Rxd5 Bg4 19. Bg2 Bf6 20. Be3 Ne7 21. Rb5 d5 22. Qb3 e4 23. Nd2 Bh3 24. Bh1 dxc4 25. dxc4 Rxb5 26. cxb5 Qc3 27. Qxc3 Bxc3 28. Rd1 Nf5 29. Bg5 f6 30. Rc1 Bxd2 31. Bxd2 Rxd2 32. Bxe4 Nd4 33. Ra1 Nxe2+ 34. Kh1 b6 35. Bg2 Bxg2+ 36. Kxg2 Nc3 37. Ra6 Rd6 38. Ra8+ Kg7 39. Rc8 Nxb5 40. Rc7+ Nxc7 0-1


[Site "https://www.chess.com"]

[Event "Titled Tuesday Blitz November 14 Early 2023"]
[White "Oparin, Grigoriy"]
[Black "Maksimovic, Bojan"]
[WhiteFideId "24125890"]
[BlackFideId "14408120"]
[WhiteElo "2995"]
[BlackElo "2813"]
[Result "1-0"]
[Round "6"]
[TimeControl "180+1"]
[Date "2023.11.14"]
[WhiteClock "0:00:06"]
[BlackClock "0:00:00"]
[Board "19"]

1. g3 g6 2. c4 Bg7 3. Bg2 d6 4. Nc3 Nf6 5. d4 O-O 6. Nf3 Nbd7 7. O-O e5 8. e4 exd4 9. Nxd4 Re8 10. Qc2 Nc5 11. Rd1 a5 12. Bg5 h6 13. Bf4 Nfd7 14. Ndb5 Ne5 15. h3 Ne6 16. Bc1 Nxc4 17. Nd5 c6 18. Qxc4 cxb5 19. Qxb5 Nd4 20. Qd3 Bd7 21. Bxh6 Bxh6 22. Qxd4 Bg7 23. Qd2 Bc6 24. Rac1 a4 25. Nb4 Bxe4 26. Nd5 Qa5 27. Bxe4 Rxe4 28. Rc8+ Kh7 29. Qxa5 Rxa5 30. Rc7 Rd4 31. Rxd4 Bxd4 32. Nf4 Rb5 33. Nd3 Kg7 34. Rc2 f5 35. Kf1 Kf6 36. Ke2 g5 37. Kd1 Rd5 38. Rd2 Rb5 39. Kc2 Be5 40. Kb1 f4 41. g4 Rd5 42. Kc1 Rb5 43. Ne1 Rc5+ 44. Kb1 Rc8 45. Rd3 Rh8 46. Kc2 b5 47. Nf3 Rc8+ 48. Kb1 b4 49. Nd2 Rh8 50. b3 axb3 51. Rxb3 Ke6 52. Ne4 Rg8 53. Rxb4 Kd5 54. Kc2 Bd4 55. Kd3 Be5 56. Rb5+ Ke6 57. a4 d5 58. Rb6+ Ke7 59. Nc5 Rc8 60. Rb5 Kd6 61. Nb7+ Ke6 62. Rc5 Rb8 63. Rb5 Rc8 64. a5 Rc3+ 65. Kd2 Rxh3 66. a6 Ra3 67. Kc2 Bd4 68. Ra5 Rxa5 69. Nxa5 Bxf2 70. Nc6 Kd6 71. a7 Bxa7 72. Nxa7 Ke5 73. Kd3 d4 74. Nc6+ 1-0


[Site "https://www.chess.com"]

[Event "Titled Tuesday Blitz November 14 Early 2023"]
[White "Fier, Alexandr"]
[Black "Muradli, Mahammad"]
[WhiteFideId "2107139"]
[BlackFideId "13409301"]
[WhiteElo "2809"]
[BlackElo "2993"]
[Result "0-1"]
[Round "6"]
[TimeControl "180+1"]
[Date "2023.11.14"]
[WhiteClock "0:00:18"]
[BlackClock "0:00:06"]
[Board "20"]

1. Nf3 c5 2. g3 b6 3. Bg2 Bb7 4. O-O g6 5. c4 Bg7 6. Nc3 Nf6 7. d4 cxd4 8. Qxd4 O-O 9. Qh4 d6 10. Bh6 Nbd7 11. Rfd1 Rc8 12. Bh3 Bxh6 13. Qxh6 Bxf3 14. exf3 Rxc4 15. f4 Qc7 16. Re1 e6 17. Rad1 d5 18. Ne2 Ne4 19. Nd4 Ndf6 20. Nxe6 fxe6 21. Bxe6+ Rf7 22. Qh3 Qc5 23. Bxf7+ Kxf7 24. Re2 Rc2 25. Qf1 Ng4 26. Rxc2 Qxc2 27. Rxd5 Ngxf2 28. f5 g5 29. Rd4 Kf6 30. Rc4 Qxb2 31. Rc6+ Kxf5 32. Qc1 Qxc1+ 33. Rxc1 Nc5 34. Rf1 Nd3 35. Rb1 Ke5 36. Kf1 Ne4 37. Rb5+ Ndc5 38. Kg2 Kd5 39. Rb2 h6 40. Kf3 h5 41. h4 g4+ 42. Kg2 Nd3 43. Rb3 Ne1+ 44. Kf1 Nf3 45. Kg2 Ne1+ 46. Kf1 Nd2+ 47. Kxe1 Nxb3 48. axb3 Kd4 49. Kd2 a5 50. Kc2 b5 51. Kd2 a4 0-1


[Site "https://www.chess.com"]

[Event "Titled Tuesday Blitz November 14 Early 2023"]
[White "Narayanan, Srinath"]
[Black "Xu, Xiangyu"]
[WhiteFideId "5018420"]
[BlackFideId "8608288"]
[WhiteElo "2797"]
[BlackElo "2977"]
[Result "0-1"]
[Round "6"]
[TimeControl "180+1"]
[Date "2023.11.14"]
[WhiteClock "0:01:10"]
[BlackClock "0:01:32"]
[Board "21"]

1. Nf3 d5 2. e3 Nf6 3. c4 g6 4. cxd5 Nxd5 5. Nc3 Bg7 6. Bc4 Nb6 7. Bb3 c5 8. h3 Nc6 9. O-O c4 10. Bc2 O-O 11. d4 cxd3 12. Bxd3 Be6 13. Be4 Rc8 14. Rb1 Bxc3 15. bxc3 Bxa2 16. Ra1 Bc4 17. Re1 Qxd1 18. Rxd1 Rfd8 19. Rxd8+ Rxd8 20. Ba3 Bd5 21. Bxd5 Nxd5 22. c4 Nb6 23. c5 Nc4 24. Kf1 f5 25. Ke2 Rd5 26. Bc1 Rxc5 27. Rb1 b6 28. Ne1 Ra5 29. Nd3 Ra2+ 30. Ke1 N6e5 31. Nf4 g5 32. Nd5 Nd3+ 33. Kf1 Rxf2+ 34. Kg1 Rc2 0-1


[Site "https://www.chess.com"]

[Event "Titled Tuesday Blitz November 14 Early 2023"]
[White "Alen_Yeremyann"]
[Black "Gholami Orimi, Mahdi"]
[BlackFideId "12558486"]
[WhiteElo "2794"]
[BlackElo "2964"]
[Result "0-1"]
[Round "6"]
[TimeControl "180+1"]
[Date "2023.11.14"]
[WhiteClock "0:00:00"]
[BlackClock "0:00:04"]
[Board "22"]

1. e4 c5 2. Nc3 Nc6 3. Bb5 Nd4 4. Bc4 e6 5. Nge2 a6 6. a4 Ne7 7. O-O d5 8. exd5 exd5 9. Ba2 Bg4 10. f3 Bf5 11. d3 Qd7 12. Nxd4 cxd4 13. Ne2 Nc6 14. Nf4 Be6 15. Re1 Bb4 16. Bd2 O-O 17. c3 Bc5 18. Kh1 Rfe8 19. Qb3 Bd6 20. Nxd5 Rad8 21. Bg5 Rb8 22. Nb6 Qc7 23. Nd5 Qd7 24. Nb6 Qc7 25. Nd5 Qa5 26. Bd2 Qd8 27. Re4 b5 28. Rae1 Bf8 29. Qd1 Qd7 30. axb5 axb5 31. c4 bxc4 32. Bxc4 Rxb2 33. Nf4 Kh8 34. Nxe6 fxe6 35. Bxe6 Qb7 36. Bd5 Rd8 37. Bc4 Qc7 38. f4 Qd7 39. Bc1 Rbb8 40. Qf3 Ne7 41. Be6 Qd6 42. f5 Ra8 43. Bf4 Qc5 44. Be5 Ng8 45. f6 Nxf6 46. Bxf6 gxf6 47. Rh4 Qg5 48. Bf5 Ra7 49. Rg4 Qd2 50. Rf1 Rg7 51. Rxg7 Bxg7 52. Be4 Qh6 53. Qf5 Re8 54. h3 Qh4 55. Rf4 Qh6 56. Kh2 Bf8 57. g3 Bd6 58. Rh4 Qd2+ 59. Bg2 Bxg3+ 60. Kxg3 Qe1+ 61. Qf2 Rg8+ 62. Kf3 Qd1+ 63. Ke4 Qc1 64. Qxf6+ Rg7 65. Qf8+ Rg8 66. Qf6+ Rg7 67. Qf3 Qc6+ 68. Kxd4 Qb6+ 69. Ke4 Qe6+ 70. Kf4 Qf6+ 71. Ke3 Qxh4 72. Qa8+ Rg8 73. Qe4 Qg5+ 74. Kf2 Qd2+ 75. Kf1 Qd1+ 76. Kf2 Qd2+ 77. Kg1 Qg5 78. d4 Qg3 79. d5 Rb8 80. Qd4+ Kg8 81. Qe4 Rf8 82. Qe6+ Kg7 83. Qe7+ Rf7 84. Qe4 Qf2+ 85. Kh2 Qf6 86. Qg4+ Kh8 87. Qc8+ Rf8 88. Qg4 Qe5+ 89. Qg3 Qd4 90. Qg4 Qe5+ 91. Qg3 Rf4 92. h4 h5 93. Kh3 Qf5+ 94. Kh2 Qf6 95. Qg5 Rxh4+ 0-1


[Site "https://www.chess.com"]

[Event "Titled Tuesday Blitz November 14 Early 2023"]
[White "Mitrabha, Guha"]
[Black "Budisavljevic, Luka"]
[WhiteFideId "5057000"]
[BlackFideId "960047"]
[WhiteElo "2955"]
[BlackElo "2775"]
[Result "1-0"]
[Round "6"]
[TimeControl "180+1"]
[Date "2023.11.14"]
[WhiteClock "0:01:21"]
[BlackClock "0:01:23"]
[Board "23"]

1. Nf3 c5 2. b3 d5 3. Bb2 Nc6 4. e3 a6 5. d4 Nf6 6. dxc5 e6 7. a3 Bxc5 8. b4 Ba7 9. c4 dxc4 10. Qxd8+ Kxd8 11. Bxc4 b5 12. Be2 Bb7 13. Nbd2 Ke7 14. Nb3 Rhg8 15. Rc1 g5 16. Nc5 Bxc5 17. Rxc5 g4 18. Nd2 Nd7 19. Rc1 Nce5 20. f3 gxf3 21. gxf3 Rac8 22. Kf2 Ng6 23. Nb3 Nh4 24. Rxc8 Rg2+ 25. Kf1 Bxc8 26. e4 Nb6 27. Bd4 Nc4 28. Bf2 1-0


[Site "https://www.chess.com"]

[Event "Titled Tuesday Blitz November 14 Early 2023"]
[White "Ashraf, Artin"]
[Black "Nigmatov, Ortik"]
[WhiteFideId "22514805"]
[BlackFideId "14202131"]
[WhiteElo "2929"]
[BlackElo "2770"]
[Result "1-0"]
[Round "6"]
[TimeControl "180+1"]
[Date "2023.11.14"]
[WhiteClock "0:00:26"]
[BlackClock "0:00:09"]
[Board "24"]

1. c4 e5 2. g3 Nc6 3. Bg2 g6 4. Nc3 Bg7 5. d3 d6 6. Rb1 a5 7. a3 f5 8. b4 axb4 9. axb4 Nf6 10. b5 Ne7 11. Bb2 O-O 12. Nf3 h6 13. O-O g5 14. Ne1 Ng6 15. Ra1 Rb8 16. Ra7 h5 17. Nc2 h4 18. Ne3 hxg3 19. hxg3 b6 20. Ned5 Nxd5 21. Nxd5 Rf7 22. Nb4 Qe8 23. Na6 Be6 24. Nxb8 e4 25. Bxg7 Rxg7 26. dxe4 f4 27. e5 Nh4 28. Bd5 Kh8 29. exd6 fxg3 30. fxg3 Bxd5 31. Qxd5 Qe3+ 32. Rf2 Qc1+ 33. Kh2 Nf3+ 34. Rxf3 Rh7+ 35. Kg2 Qh1+ 36. Kf2 Rh2+ 37. Ke3 Qg1+ 38. Kd2 1-0


[Site "https://www.chess.com"]

[Event "Titled Tuesday Blitz November 14 Early 2023"]
[White "Bharath Subramaniyam H"]
[Black "Javakhadze, Zurab"]
[WhiteFideId "46634827"]
[BlackFideId "13603647"]
[WhiteElo "2923"]
[BlackElo "2769"]
[Result "1-0"]
[Round "6"]
[TimeControl "180+1"]
[Date "2023.11.14"]
[WhiteClock "0:01:09"]
[BlackClock "0:00:00"]
[Board "25"]

1. e4 c5 2. Nf3 d6 3. d4 cxd4 4. Nxd4 Nf6 5. Nc3 g6 6. Be2 Bg7 7. Be3 a6 8. a4 Nc6 9. O-O O-O 10. Nb3 Be6 11. f3 Bxb3 12. cxb3 Nb4 13. a5 Nd7 14. Ra4 Nc6 15. b4 Rc8 16. Qd2 Nce5 17. b5 axb5 18. Nxb5 Nc5 19. Ra3 Na6 20. Bb6 Qd7 21. Na7 Nc4 22. Bxc4 Rxc4 23. Rc1 Rxc1+ 24. Qxc1 d5 25. Rd3 e6 26. Qd2 d4 27. b4 Qa4 28. b5 Nb4 29. Qd1 Qa2 30. Rd2 Qa3 31. Qb1 d3 32. Bc5 Bc3 33. Rxd3 1-0


[Site "https://www.chess.com"]

[Event "Titled Tuesday Blitz November 14 Early 2023"]
[White "Salinas Herrera, Pablo"]
[Black "Harshavardhan G B"]
[WhiteFideId "3407128"]
[BlackFideId "25059009"]
[WhiteElo "2900"]
[BlackElo "2763"]
[Result "1-0"]
[Round "6"]
[TimeControl "180+1"]
[Date "2023.11.14"]
[WhiteClock "0:00:41"]
[BlackClock "0:00:28"]
[Board "26"]

1. d4 Nf6 2. Nf3 e6 3. Bf4 c5 4. e3 Nc6 5. Nbd2 h6 6. h3 d5 7. c3 Bd6 8. Ne5 Qc7 9. Ndf3 Nd7 10. Nxd7 Bxd7 11. Bxd6 Qxd6 12. Bb5 O-O 13. Bxc6 Bxc6 14. O-O f6 15. Qc2 b6 16. Rad1 Qc7 17. Rfe1 Rae8 18. Nh4 g5 19. Nf3 Qh7 20. Qc1 e5 21. b3 e4 22. Nh2 f5 23. c4 dxc4 24. dxc5 cxb3 25. cxb6 Rc8 26. axb3 axb6 27. Rd6 Ba8 28. Qd2 Rc6 29. Nf1 Qf7 30. Ng3 Qxb3 31. Rxc6 Bxc6 32. Qd6 Qd5 33. Qg6+ Kh8 34. Qxh6+ Kg8 35. Qxg5+ Kh7 36. Nh5 Qf7 37. Rc1 Be8 38. Nf4 Qf6 39. Rc7+ Kh8 40. Qxf6+ Rxf6 41. Rc8 1-0


[Site "https://www.chess.com"]

[Event "Titled Tuesday Blitz November 14 Early 2023"]
[White "Zhigalko, Sergei"]
[Black "Saydaliev, Saidakbar"]
[WhiteFideId "13502956"]
[BlackFideId "14203693"]
[WhiteElo "2899"]
[BlackElo "2761"]
[Result "1-0"]
[Round "6"]
[TimeControl "180+1"]
[Date "2023.11.14"]
[WhiteClock "0:00:03"]
[BlackClock "0:00:02"]
[Board "27"]

1. e4 e5 2. Nf3 Nc6 3. Bc4 Nf6 4. d3 Bc5 5. O-O a6 6. Nbd2 O-O 7. h3 h6 8. Re1 Re8 9. c3 Ba7 10. Bb3 d6 11. Nf1 Be6 12. Be3 d5 13. Bxa7 Rxa7 14. exd5 Bxd5 15. Ne3 Bxf3 16. Qxf3 Qxd3 17. Rad1 Qg6 18. Nd5 Nxd5 19. Bxd5 Nd8 20. Bb3 Ra8 21. Rd7 Rc8 22. h4 h5 23. g3 b5 24. Bd5 c6 25. Be4 Qg4 26. Qd3 Ne6 27. Bh7+ Kh8 28. Bf5 Nc5 29. Qc2 Qa4 30. Rxf7 Qxc2 31. Bxc2 Rcd8 32. Bg6 Rd6 33. Bxh5 g6 34. Bg4 Rd2 35. Rc7 Nd3 36. Rf1 Rf8 37. Rxc6 Rfxf2 38. Rxf2 Nxf2 39. Rxg6 e4 40. Bh5 e3 41. Re6 Nh3+ 42. Kf1 Rf2+ 43. Ke1 Rxb2 44. Rxe3 Rxa2 45. Re7 Nf2 46. Re8+ Kg7 47. Re6 Nd3+ 48. Kf1 a5 49. Rg6+ Kh7 50. Rb6 Ne5 51. Rxb5 Nc4 52. Rb7+ Kh6 53. Be8 Ne3+ 54. Ke1 Rg2 55. g4 Rxg4 56. Rb6+ Kh7 57. h5 Rg2 58. Ra6 Ra2 59. Ra7+ Kh6 60. Ra6+ Kh7 61. Bg6+ Kg7 62. Be4 Ng2+ 63. Kd1 Ne3+ 64. Kc1 a4 65. h6+ Kf7 66. h7 Rh2 67. Rxa4 Kf6 68. Ra8 Kg7 69. Rg8+ 1-0


[Site "https://www.chess.com"]

[Event "Titled Tuesday Blitz November 14 Early 2023"]
[White "Samunenkov, Ihor"]
[Black "Steinberg, Nitzan"]
[WhiteFideId "14187086"]
[BlackFideId "2801795"]
[WhiteElo "2760"]
[BlackElo "2893"]
[Result "1/2-1/2"]
[Round "6"]
[TimeControl "180+1"]
[Date "2023.11.14"]
[WhiteClock "0:00:07"]
[BlackClock "0:00:07"]
[Board "28"]

1. e4 c5 2. Nf3 d6 3. d4 cxd4 4. Nxd4 Nf6 5. Nc3 a6 6. h3 e6 7. g4 Nfd7 8. g5 b5 9. a3 Bb7 10. h4 Nc6 11. Be3 Rc8 12. h5 Be7 13. Rg1 Nce5 14. Qd2 Nb6 15. g6 hxg6 16. hxg6 Bf6 17. gxf7+ Kxf7 18. O-O-O Nbc4 19. Bxc4 Nxc4 20. Qe2 Rh4 21. f3 Qh8 22. Rg2 Nxe3 23. Qxe3 Qh6 24. Qxh6 Rxh6 25. Nde2 Ke7 26. Rdg1 Rf8 27. Kd2 Bc6 28. Ke3 a5 29. Nd4 Bxd4+ 30. Kxd4 Rxf3 31. Rxg7+ Rf7 32. Rxf7+ Kxf7 33. Rf1+ Ke7 34. Ke3 Rh2 35. Rf2 Rxf2 36. Kxf2 b4 37. axb4 axb4 38. Na2 Bxe4 39. Nxb4 d5 40. Ke3 Kd6 41. c3 Kc5 42. b3 Bb1 43. Nd3+ Kd6 44. Kd4 Bxd3 45. Kxd3 e5 46. c4 d4 47. Ke4 Kc5 48. Kd3 Kb4 49. Ke4 Kc5 50. Kd3 Kb4 51. Ke4 Kc3 52. c5 d3 53. c6 d2 54. c7 d1=Q 55. c8=Q+ Kxb3 56. Qb8+ Ka2 57. Qa7+ Kb1 58. Qb8+ Kc1 59. Qc7+ Qc2+ 60. Qxc2+ Kxc2 61. Kxe5 1/2-1/2


[Site "https://www.chess.com"]

[Event "Titled Tuesday Blitz November 14 Early 2023"]
[White "Petkov, Momchil"]
[Black "Mahdavi, Reza"]
[WhiteFideId "2921642"]
[BlackFideId "12595926"]
[WhiteElo "2731"]
[BlackElo "2892"]
[Result "1-0"]
[Round "6"]
[TimeControl "180+1"]
[Date "2023.11.14"]
[WhiteClock "0:00:05"]
[BlackClock "0:00:00"]
[Board "29"]

1. d4 Nf6 2. Nf3 d5 3. Bf4 c5 4. e3 Nc6 5. c3 Bg4 6. Nbd2 cxd4 7. exd4 e6 8. Bb5 Bd6 9. Bxd6 Qxd6 10. O-O O-O 11. Re1 a6 12. Bd3 b5 13. a3 Rab8 14. Qb1 Bxf3 15. Nxf3 h6 16. Qd1 Rfc8 17. Qe2 Nd7 18. g3 Ne7 19. a4 Qb6 20. axb5 axb5 21. Rec1 Rc7 22. b4 Nc8 23. Nd2 Nd6 24. Nb3 Nc4 25. Nc5 Nxc5 26. dxc5 Qc6 27. Ra2 Rd8 28. Rca1 Qd7 29. Ra6 Qe7 30. Ra8 g6 31. R1a6 Qf6 32. Rxd8+ Qxd8 33. Qf3 Qg5 34. Ra1 Qe5 35. Bf1 Kg7 36. Bxc4 dxc4 37. Qe3 Qf6 38. Rd1 h5 39. Qd4 e5 40. Qd6 Rc6 41. Qxf6+ Kxf6 42. Rd7 Ke6 43. Rb7 Kd5 44. Rxb5 Ke4 45. Rb6 Rc8 46. Rd6 1-0


[Site "https://www.chess.com"]

[Event "Titled Tuesday Blitz November 14 Early 2023"]
[White "Timerkhanov, Alexander"]
[Black "Madaminov, Mukhiddin"]
[WhiteFideId "24177938"]
[BlackFideId "14210703"]
[WhiteElo "2704"]
[BlackElo "2881"]
[Result "0-1"]
[Round "6"]
[TimeControl "180+1"]
[Date "2023.11.14"]
[WhiteClock "0:00:32"]
[BlackClock "0:01:42"]
[Board "30"]

1. d4 e6 2. Nf3 Nf6 3. g3 b5 4. Bg2 Bb7 5. O-O Be7 6. a4 b4 7. a5 O-O 8. c4 bxc3 9. Nxc3 Na6 10. Re1 Ne4 11. Bd2 Rb8 12. Nxe4 Bxe4 13. Bc3 Nb4 14. Ne5 Bxg2 15. Kxg2 d6 16. Nd3 Nxd3 17. Qxd3 Qd7 18. e4 Rb5 19. d5 a6 20. Rad1 c6 21. dxe6 Qxe6 22. f4 Bf6 23. Qxd6 Bxc3 24. bxc3 Rb2+ 25. Kg1 Qa2 26. Qd4 Rg2+ 27. Kf1 Rxh2 0-1


[Site "https://www.chess.com"]

[Event "Titled Tuesday Blitz November 14 Early 2023"]
[White "Beerdsen, Thomas"]
[Black "Yaran, Siar"]
[WhiteFideId "1030108"]
[BlackFideId "6323006"]
[WhiteElo "2848"]
[BlackElo "2678"]
[Result "1-0"]
[Round "6"]
[TimeControl "180+1"]
[Date "2023.11.14"]
[WhiteClock "0:00:10"]
[BlackClock "0:00:04"]
[Board "31"]

1. e4 e5 2. d4 exd4 3. Qxd4 Nc6 4. Qd3 Nf6 5. Nc3 Bb4 6. Bd2 O-O 7. O-O-O Re8 8. Nge2 d5 9. Bg5 dxe4 10. Qxd8 Nxd8 11. Bxf6 gxf6 12. Nd5 Bd6 13. Nxf6+ Kf8 14. Nxe8 Kxe8 15. Nc3 f5 16. Bc4 Nc6 17. Rhe1 Kf8 18. f3 exf3 19. gxf3 Ne5 20. Be2 a6 21. Kb1 Bd7 22. Nd5 Bc6 23. f4 Ng6 24. Bh5 Kf7 25. c4 Rc8 26. b3 b5 27. cxb5 axb5 28. Re3 Bb7 29. Nc3 Bc6 30. Ne2 Ra8 31. Nd4 Bd7 32. Rde1 Kf6 33. Ne6 Nxf4 34. Nxf4 Bxf4 35. Re7 Bc6 36. R1e6+ Kg5 37. Rxc6 Kxh5 38. Rc5 Bd6 39. Rxf5+ Kg6 40. Ref7 b4 41. h4 h5 42. R7f6+ Kg7 43. Re6 Rh8 44. Kc2 Ra8 45. Kb1 Rh8 46. Re2 Kg6 47. Rf3 Ra8 48. Rg2+ Kh6 49. Rf6+ Kh7 50. Rf5 Kh6 51. Rgg5 Re8 52. Rxh5+ Kg6 53. Rhg5+ Kh6 54. Rf6+ Kh7 55. Rf1 Re2 56. Rf7+ Kh6 57. Rf6+ Kh7 58. Rf1 Rh2 59. h5 Be7 60. Rf7+ Kh6 61. Rxe7 Kxg5 62. Rxc7 Rxh5 63. Rc5+ Kg4 64. Rxh5 Kxh5 65. Kc2 Kg4 66. Kd3 Kf3 67. Kc4 Ke2 68. Kxb4 Kd3 69. Kb5 1-0


[Site "https://www.chess.com"]

[Event "Titled Tuesday Blitz November 14 Early 2023"]
[White "mind1mover"]
[Black "Maltsevskaya, Aleksandra"]
[BlackFideId "24174041"]
[WhiteElo "2848"]
[BlackElo "2671"]
[Result "0-1"]
[Round "6"]
[TimeControl "180+1"]
[Date "2023.11.14"]
[WhiteClock "0:00:00"]
[BlackClock "0:00:19"]
[Board "32"]

1. Nf3 Nf6 2. b3 b6 3. g3 Bb7 4. Bg2 g6 5. Bb2 Bg7 6. O-O O-O 7. e3 c5 8. Qe2 d6 9. d4 a5 10. a4 d5 11. Rd1 Nc6 12. Na3 Ne4 13. Nb5 Rc8 14. c4 e6 15. cxd5 exd5 16. dxc5 Bxb2 17. Qxb2 bxc5 18. Nd2 Qe7 19. Nxe4 dxe4 20. Nd6 Rb8 21. Qc3 Nb4 22. Qxc5 Nd3 23. Rxd3 exd3 24. Nxb7 Rxb7 25. Qxe7 Rxe7 26. Rd1 Rd8 27. Bc6 Rc7 28. Bb5 Rc3 29. Bc4 Kg7 30. Rd2 f5 31. Kg2 g5 32. h3 h5 33. g4 fxg4 34. hxg4 h4 35. Kh3 Kf6 36. f4 Re8 37. fxg5+ Kxg5 38. Kg2 Rxe3 39. Rd1 Rc2+ 40. Kg1 d2 41. Kf2 Re5 42. Bd3 Rb2 43. Bf5 Re1 44. Rxe1 dxe1=Q+ 45. Kxe1 h3 46. Kf1 Rxb3 47. Be4 Kxg4 48. Kg1 Kg3 0-1


[Site "https://www.chess.com"]

[Event "Titled Tuesday Blitz November 14 Early 2023"]
[White "Sydoryka, Vladyslav"]
[Black "Hafiz, Arif Abdul"]
[WhiteFideId "14145928"]
[BlackFideId "7104227"]
[WhiteElo "2641"]
[BlackElo "2845"]
[Result "1-0"]
[Round "6"]
[TimeControl "180+1"]
[Date "2023.11.14"]
[WhiteClock "0:00:28"]
[BlackClock "0:00:00"]
[Board "33"]

1. c4 e5 2. g3 h5 3. Nf3 Nc6 4. Nc3 d6 5. h4 g6 6. Bg2 Bg7 7. d3 Nge7 8. O-O Bg4 9. Rb1 a5 10. a3 O-O 11. b4 Qd7 12. b5 Nd8 13. Nd5 Rb8 14. Bg5 f6 15. Bd2 b6 16. Qc2 Ne6 17. e3 Nc5 18. Rfe1 Kh7 19. e4 Nxd5 20. cxd5 Bxf3 21. Bxf3 Bh6 22. Bc3 f5 23. exf5 Rxf5 24. Bg2 Bg7 25. Bh3 Rxf2 26. Qxf2 Qxh3 27. Re3 Rf8 28. Rf3 Nxd3 29. Qf1 Qxf1+ 30. Rbxf1 Rxf3 31. Rxf3 Nc5 32. Rf7 Ne4 33. Rxc7 Nxg3 34. Bxa5 Ne2+ 35. Kf2 Nd4 36. a4 bxa5 37. b6 e4 38. b7 1-0


[Site "https://www.chess.com"]

[Event "Titled Tuesday Blitz November 14 Early 2023"]
[White "Alexandre, Anne Shopie Elizabeth"]
[Black "Brunner, Nicolas"]
[WhiteFideId "11902418"]
[BlackFideId "620246"]
[WhiteElo "2840"]
[BlackElo "2598"]
[Result "1-0"]
[Round "6"]
[TimeControl "180+1"]
[Date "2023.11.14"]
[WhiteClock "0:00:26"]
[BlackClock "0:00:00"]
[Board "34"]

1. d4 d5 2. c4 e6 3. Nf3 Nf6 4. Nc3 Be7 5. g3 O-O 6. Bg2 dxc4 7. Ne5 c5 8. dxc5 Qxd1+ 9. Nxd1 Bxc5 10. O-O Nd5 11. Nxc4 Nc6 12. Nc3 Nxc3 13. bxc3 Bd7 14. Rb1 b6 15. Rd1 Be8 16. Nd6 Bxd6 17. Rxd6 Rc8 18. Ba3 Ne7 19. Rd3 Rc7 20. Rd8 Ba4 21. Rd4 b5 22. Bd6 Rd7 23. Bc5 Rc7 24. Bd6 Rd7 25. Bb4 Rc7 26. Rb2 Rfc8 27. Rbd2 f6 28. Rd7 Nf5 29. Bb7 Rxd7 30. Rxd7 Rc4 31. Bf3 a6 32. Ra7 Bd1 33. Rxa6 Kf7 34. Ra7+ Kg6 35. Kf1 h6 36. Ke1 Bc2 37. e3 Bd3 38. Kd2 Be4 39. Be2 Rc8 40. Bxb5 Rd8+ 41. Rd7 Ra8 42. a4 h5 43. h3 h4 44. gxh4 Nxh4 45. c4 Nf3+ 46. Kc3 Ne5 47. Rd4 Bf3 48. c5 Rh8 49. h4 Rc8 50. a5 Bd5 51. f4 Nc6 52. Bxc6 Rxc6 53. e4 Ba2 54. Rd6 Rxd6 55. cxd6 Kf7 56. a6 Bb1 57. Kd4 f5 58. d7 1-0


[Site "https://www.chess.com"]

[Event "Titled Tuesday Blitz November 14 Early 2023"]
[White "Matlakov, Maxim"]
[Black "Hambleton, Aman"]
[WhiteFideId "4168003"]
[BlackFideId "2606577"]
[WhiteElo "2947"]
[BlackElo "2740"]
[Result "1-0"]
[Round "6"]
[TimeControl "180+1"]
[Date "2023.11.14"]
[WhiteClock "0:00:06"]
[BlackClock "0:00:00"]
[Board "35"]

1. Nf3 d5 2. e3 c6 3. c4 Nf6 4. Nc3 Bg4 5. cxd5 Bxf3 6. Qxf3 Nxd5 7. Bc4 e6 8. O-O Nd7 9. d4 Be7 10. Rd1 O-O 11. e4 N5f6 12. a3 b5 13. Bb3 Nb6 14. Bg5 h6 15. Bf4 Rc8 16. Rac1 Qd7 17. h3 Rfe8 18. Ba2 Qb7 19. e5 Nfd5 20. Bb1 Nxf4 21. Qxf4 Nd5 22. Qe4 g6 23. h4 h5 24. g4 Kg7 25. Kg2 Rh8 26. Rh1 a6 27. Bd3 Qd7 28. Ne2 Rh7 29. gxh5 Rxh5 30. Ng3 Rch8 31. Nxh5+ Rxh5 32. Rh3 Qd8 33. Rch1 c5 34. Rg3 Kf8 35. Qf3 Ke8 36. Rxg6 Rh8 37. Rg7 Kd7 38. Rxf7 Rg8+ 39. Kf1 c4 40. Be4 Nc7 41. Bb7 Qe8 42. Bc6+ Kd8 43. Bxe8 Kxe8 44. Rxe7+ Kxe7 45. h5 Rf8 46. Qg4 Nd5 47. Qh4+ Kd7 48. h6 Ne3+ 49. Ke2 Nf5 50. Qg5 Nxd4+ 51. Kd1 Nf3 52. Qe3 Kc6 53. Qe4+ Kc7 54. h7 Rd8+ 55. Kc1 Nd2 56. Qc2 Nb3+ 57. Kb1 Nd2+ 58. Ka2 Nb3 59. h8=Q Rd1 60. Rxd1 1-0


[Site "https://www.chess.com"]

[Event "Titled Tuesday Blitz November 14 Early 2023"]
[White "Atakhan, Abtin"]
[Black "Aravindh, Chithambaram VR."]
[WhiteFideId "22502203"]
[BlackFideId "5072786"]
[WhiteElo "2739"]
[BlackElo "2944"]
[Result "1-0"]
[Round "6"]
[TimeControl "180+1"]
[Date "2023.11.14"]
[WhiteClock "0:00:05"]
[BlackClock "0:00:01"]
[Board "36"]

1. c4 g6 2. g3 Bg7 3. Bg2 Nf6 4. Nc3 O-O 5. Nf3 c6 6. O-O d6 7. d3 Nbd7 8. Rb1 Qc7 9. b4 e5 10. b5 Re8 11. Nd2 Nc5 12. a4 h5 13. Ba3 h4 14. Bxc5 dxc5 15. bxc6 bxc6 16. Nb3 h3 17. Bf3 Bf8 18. Qc1 Rb8 19. Qe3 Kh7 20. Bh1 Ng4 21. Qf3 Qe7 22. Nxc5 Rxb1 23. Nxb1 f5 24. Qxc6 Rd8 25. Nb3 e4 26. Na5 Bd7 27. Qb7 exd3 28. exd3 Bxa4 29. Nc3 Be8 30. Re1 Qxb7 31. Nxb7 Rb8 32. Bd5 Bd7 33. d4 Bb4 34. Rc1 Re8 35. Nc5 Bxc3 36. Nxd7 Bxd4 37. c5 Bxf2+ 38. Kh1 Be3 39. Rf1 Nf2+ 40. Rxf2 Bxf2 41. Nf6+ Kh6 42. Nxe8 Bxc5 43. Nc7 a5 44. Bc6 g5 45. Ne6 Bb6 46. Bb5 g4 47. Bd3 Kg6 48. Nf8+ Kf7 49. Nd7 Bd4 50. Bxf5 a4 51. Bc2 a3 52. Bb3+ Ke7 53. Nb8 Kd6 54. Na6 Bb6 55. Nb4 Kc5 56. Nc2 Bd8 57. Kg1 Bf6 58. Kf2 Bb2 59. Ke2 Kd6 60. Kd3 Ke5 61. Ne3 Kf6 62. Nxg4+ Kg5 63. Nf2 Be5 64. Ke4 Bc7 65. Kf3 Bb6 66. Nxh3+ Kf6 67. Nf4 Ke5 68. Ne2 Bd8 69. g4 Bh4 70. Nc3 Kd4 71. Nb5+ Kc5 72. Nxa3 Kb4 73. Nc2+ Kxb3 74. Nd4+ Kc4 75. Nf5 Bd8 76. h4 Kd5 77. g5 Ke6 78. Kg4 Kf7 79. h5 Ba5 80. Nd6+ Kg7 81. Kf5 Bd2 82. Ne4 Be3 83. h6+ Kh7 84. Nf6+ Kh8 85. Ng4 Bc1 86. Kg6 Bd2 87. Ne5 Bc3 88. Nf7+ Kg8 89. h7+ Kf8 90. h8=Q+ Bxh8 91. Nxh8 Kg8 92. Nf7 1-0


[Site "https://www.chess.com"]

[Event "Titled Tuesday Blitz November 14 Early 2023"]
[White "Galchenko, Matvey"]
[Black "Csonka, Balazs"]
[WhiteFideId "24175480"]
[BlackFideId "742910"]
[WhiteElo "2938"]
[BlackElo "2733"]
[Result "1-0"]
[Round "6"]
[TimeControl "180+1"]
[Date "2023.11.14"]
[WhiteClock "0:00:34"]
[BlackClock "0:00:01"]
[Board "37"]

1. f4 Nh6 2. Nf3 g6 3. g3 Bg7 4. d3 O-O 5. e4 d5 6. Qe2 c5 7. Bg2 Nc6 8. h3 dxe4 9. dxe4 Qb6 10. Nc3 Nd4 11. Qf2 Be6 12. O-O Rad8 13. Re1 Kh8 14. Kh2 Ng8 15. e5 Nh6 16. Ne4 Bd5 17. c3 Nxf3+ 18. Bxf3 Qc6 19. b3 f5 20. Ng5 Nf7 21. Bxd5 Rxd5 22. Nf3 Rfd8 23. Be3 b6 24. Qe2 g5 25. Rad1 gxf4 26. gxf4 e6 27. c4 Rxd1 28. Rxd1 Rxd1 29. Qxd1 Qe4 30. Bc1 h6 31. Kg3 Kh7 32. Qd7 Nh8 33. Qxe6 Ng6 34. Qd7 Qc2 35. Bd2 h5 36. e6 h4+ 37. Nxh4 Nxh4 38. Kxh4 Qe4 39. Kg3 Kg6 40. e7 Bf6 41. e8=Q+ 1-0


[Site "https://www.chess.com"]